[Event "XIV American Continental-ch 2019"]
[Site "Sao Paulo"]
[Date "2019.07.07"]
[Round "3.22"]
[White "Lima, Darcy"]
[Black "Donoso Diaz, Sebastian"]
[Result "1-0"]
[ECO "A33"]
[WhiteElo "2543"]
[BlackElo "2239"]
[Annotator "ChessBase"]
[PlyCount "91"]
[EventDate "2019.07.05"]
[EventType "swiss"]
[EventCountry "BRA"]
[SourceTitle "playchess.com"]
[Source "ChessBase"]
[SourceQuality "1"]
[TimeControl "40/5400+30:1800+30"]

1. c4 Nf6 2. Nc3 c5 3. Nf3 Nc6 4. d4 cxd4 5. Nxd4 e6 6. Ndb5 d6 7. Bf4 e5 8. Bg5 a6 9. Bxf6 gxf6 10. Na3 Be6 11. g3 f5 12. Bg2 e4 13. f3 h5 14. fxe4 f4 15. gxf4 Qh4+ 16. Kd2 Qxf4+ 17. e3 Qe5 18. Qf1 Bh6 19. Nc2 Na5 20. b3 Rc8 21. Nd5 b5 22. Qf6 Qxf6 23. Nxf6+ Kd8 24. cxb5 Bg7 25. Raf1 axb5 26. Nd4 Nc6 27. Nxb5 Ke7 28. Nd5+ Bxd5 29. exd5 Nb4 30. Be4 Nxa2 31. Na7 Ra8 32. Nc6+ Ke8 33. Rhg1 Nc3 34. Bc2 Kf8 35. Rxg7 Kxg7 36. Kxc3 Rhe8 37. e4 Ra6 38. b4 Rea8 39. Bb3 Kg6 40. h4 Re8 41. b5 Rb6 42. Bc4 Ra8 43. Kb4 Rb7 44. e5 dxe5 45. Nxe5+ Kg7 46. d6 1-0

[Event "XIV American Continental-ch 2019"]
[Site "Sao Paulo"]
[Date "2019.07.07"]
[Round "3.23"]
[White "Di Berardino, Diego Rafael"]
[Black "Guimaraes, Wagner Peixoto"]
[Result "1/2-1/2"]
[ECO "B85"]
[WhiteElo "2506"]
[BlackElo "2206"]
[Annotator "RC"]
[PlyCount "123"]
[EventDate "2019.07.05"]
[EventType "swiss"]
[EventCountry "BRA"]
[SourceTitle "playchess.com"]
[Source "ChessBase"]
[SourceQuality "1"]
[TimeControl "40/5400+30:1800+30"]

1. e4 c5 2. Nf3 e6 3. d4 cxd4 4. Nxd4 a6 5. Be2 Nf6 6. Nc3 Qc7 7. O-O d6 8. f4 Be7 9. Kh1 O-O 10. a4 Nc6 11. Be3 Bd7 12. Qe1 Nxd4 13. Bxd4 Bc6 14. Qg3 g6 15. Bd3 e5 16. fxe5 Nh5 17. Qf2 dxe5 18. Bb6 Qc8 19. Bc4 Nf4 20. b3 Kg7 21. g3 Nh3 22. Qg2 Qg4 23. Nd5 Ng5 24. Rae1 Qd7 25. h4 Ne6 26. Rd1 Qe8 27. Kh2 h5 28. Qf2 f6 29. Rd3 Rc8 30. Rfd1 Bd8 31. Bxd8 Rxd8 32. Nc7 Nxc7 33. Rxd8 Qxd8 34. Rxd8 Rxd8 35. Qe3 Rd4 36. c3 Rd7 37. Bf1 Ne8 38. Bh3 Rd1 39. Qe2 Rb1 40. Qd3 Rxb3 41. Bd7 Bxd7 42. Qxd7+ Kf8 43. c4 a5 44. Qd8 Rb4 45. Qxa5 Rxc4 46. Qb5 Rc7 47. Qb6 Re7 48. Kh3 Kf7 49. Kg2 Ng7 50. Kf3 Ne6 51. Qd6 Nf8 52. Qb8 Rd7 53. g4 hxg4+ 54. Kxg4 Re7 55. Qc8 Kg7 56. h5 gxh5+ 57. Kxh5 Ne6 58. Kg4 Ng5 59. Qd8 Rf7 60. Kf5 Nf3 61. Kg4 Ng5 62. Kf5 1/2-1/2

[Event "XIV American Continental-ch 2019"]
[Site "Sao Paulo"]
[Date "2019.07.07"]
[Round "4.1"]
[White "Iturrizaga Bonelli, Eduardo"]
[Black "Gonzalez Vidal, Yuri"]
[Result "1/2-1/2"]
[ECO "A13"]
[WhiteElo "2625"]
[BlackElo "2547"]
[Annotator "RC"]
[PlyCount "35"]
[EventDate "2019.07.05"]
[EventType "swiss"]
[EventCountry "BRA"]
[SourceTitle "playchess.com"]
[Source "ChessBase"]
[SourceQuality "1"]
[TimeControl "40/5400+30:1800+30"]

1. c4 e6 2. Nf3 Nf6 3. b3 b6 4. Bb2 Bb7 5. e3 c5 6. Be2 Nc6 7. O-O Be7 8. Nc3 O-O 9. d4 cxd4 10. Nxd4 d6 11. Qd2 a6 12. Rfd1 Qb8 13. Rac1 Rd8 14. a3 Qa7 15. b4 Rac8 16. Nf3 Nb8 17. Bd3 Nbd7 18. Qe2 1/2-1/2

[Event "XIV American Continental-ch 2019"]
[Site "Sao Paulo"]
[Date "2019.07.07"]
[Round "4.2"]
[White "Krysa, Leandro"]
[Black "Gareyev, Timur"]
[Result "1-0"]
[ECO "D70"]
[WhiteElo "2517"]
[BlackElo "2588"]
[Annotator "ChessBase"]
[PlyCount "75"]
[EventDate "2019.07.05"]
[EventType "swiss"]
[EventCountry "BRA"]
[SourceTitle "playchess.com"]
[Source "ChessBase"]
[SourceQuality "1"]
[TimeControl "40/5400+30:1800+30"]

1. d4 Nf6 2. c4 g6 3. Nf3 Bg7 4. g3 c6 5. Bg2 d5 6. Ne5 dxc4 7. Na3 Ng4 8. Naxc4 Nxe5 9. Nxe5 Bxe5 10. dxe5 Qxd1+ 11. Kxd1 Be6 12. Kc2 a5 13. b3 a4 14. Ba3 Ra5 15. f4 axb3+ 16. axb3 Na6 17. e4 h5 18. h3 c5 19. Rhf1 O-O 20. f5 Bd7 21. g4 Ra8 22. Bb2 Nb4+ 23. Kd2 Ra2 24. Kc3 Bb5 25. Rg1 Rxa1 26. Rxa1 Rd8 27. Bf1 Bxf1 28. Rxf1 Rd3+ 29. Kc4 b5+ 30. Kxc5 Rxb3 31. Bd4 Nc2 32. gxh5 gxh5 33. Rg1+ Kf8 34. f6 exf6 35. exf6 Ke8 36. Kd6 Kf8 37. Bc5 Rc3 38. Kc6+ 1-0

[Event "XIV American Continental-ch 2019"]
[Site "Sao Paulo"]
[Date "2019.07.07"]
[Round "4.3"]
[White "Pichot, Alan"]
[Black "Cubas, Jose Fernando"]
[Result "1-0"]
[ECO "C11"]
[WhiteElo "2579"]
[BlackElo "2493"]
[Annotator "ChessBase"]
[PlyCount "30"]
[EventDate "2019.07.05"]
[EventType "swiss"]
[EventCountry "BRA"]
[SourceTitle "playchess.com"]
[Source "ChessBase"]
[SourceQuality "1"]
[TimeControl "40/5400+30:1800+30"]

1. e4 e6 2. d4 d5 3. Nc3 Nf6 4. e5 Nfd7 5. f4 c5 6. Nf3 Nc6 7. Be3 Be7 8. Qd2 O-O 9. dxc5 Nxc5 10. O-O-O Rb8 11. Kb1 Bd7 12. f5 exf5 13. Bxc5 Bxc5 14. Qxd5 Bc8 15. Qd2 Be7 1-0

[Event "XIV American Continental-ch 2019"]
[Site "Sao Paulo"]
[Date "2019.07.07"]
[Round "4.4"]
[White "Supi, Luis Paulo"]
[Black "Hambleton, Aman"]
[Result "1/2-1/2"]
[ECO "A20"]
[WhiteElo "2562"]
[BlackElo "2487"]
[Annotator "ChessBase"]
[PlyCount "63"]
[EventDate "2019.07.05"]
[EventType "swiss"]
[EventCountry "BRA"]
[SourceTitle "playchess.com"]
[Source "ChessBase"]
[SourceQuality "1"]
[TimeControl "40/5400+30:1800+30"]

1. c4 e5 2. g3 Nf6 3. Bg2 c6 4. e4 d5 5. cxd5 cxd5 6. exd5 Nxd5 7. Nf3 Nc6 8. O-O Be7 9. d4 exd4 10. Nxd4 O-O 11. Nxc6 bxc6 12. Nc3 Nxc3 13. bxc3 Ba6 14. Re1 Bf6 15. Ba3 Bxc3 16. Bxf8 Qxd1 17. Rexd1 Bxa1 18. Be7 Bf6 19. Bxc6 Rc8 20. Bxf6 gxf6 21. Rd6 Bc4 22. Bd5 a5 23. Bxc4 Rxc4 24. Rxf6 Ra4 25. Rf5 Rxa2 26. g4 h6 27. Kg2 Ra3 28. h4 Kg7 29. f3 Ra2+ 30. Kg3 Ra1 31. h5 a4 32. Ra5 1/2-1/2

[Event "XIV American Continental-ch 2019"]
[Site "Sao Paulo"]
[Date "2019.07.07"]
[Round "4.5"]
[White "Quintiliano Pinto, Renato R."]
[Black "Perez Ponsa, Federico"]
[Result "1/2-1/2"]
[ECO "E97"]
[WhiteElo "2443"]
[BlackElo "2560"]
[Annotator "ChessBase"]
[PlyCount "59"]
[EventDate "2019.07.05"]
[EventType "swiss"]
[EventCountry "BRA"]
[SourceTitle "playchess.com"]
[Source "ChessBase"]
[SourceQuality "1"]
[TimeControl "40/5400+30:1800+30"]

1. Nf3 Nf6 2. c4 g6 3. Nc3 Bg7 4. d4 d6 5. e4 O-O 6. Be2 e5 7. O-O Nc6 8. d5 Ne7 9. b4 a5 10. Ba3 Re8 11. bxa5 c5 12. Nd2 Rxa5 13. Bb2 Rf8 14. Nb5 Ra6 15. a4 Ne8 16. Ra3 f5 17. exf5 gxf5 18. f4 Ng6 19. fxe5 dxe5 20. Kh1 Qe7 21. g4 Nf4 22. gxf5 Rh6 23. Qe1 Bxf5 24. Rg1 Rff6 25. Rgg3 Rh4 26. Bf1 Rg6 27. Nf3 Rxg3 28. Nxh4 Rxa3 29. Nxf5 Qg5 30. Bxa3 1/2-1/2

[Event "XIV American Continental-ch 2019"]
[Site "Sao Paulo"]
[Date "2019.07.08"]
[Round "4.6"]
[White "Fier, Alexandr"]
[Black "Santiago, Yago De Moura"]
[Result "1-0"]
[ECO "A34"]
[WhiteElo "2547"]
[BlackElo "2473"]
[Annotator "ChessBase"]
[PlyCount "107"]
[EventDate "2019.07.05"]
[EventType "swiss"]
[EventCountry "BRA"]
[SourceTitle "playchess.com"]
[Source "ChessBase"]
[SourceQuality "1"]
[TimeControl "40/5400+30:1800+30"]

1. c4 Nf6 2. Nc3 c5 3. Nf3 d5 4. cxd5 Nxd5 5. e3 Nc6 6. d4 cxd4 7. exd4 e6 8. Bd3 Be7 9. O-O O-O 10. Qe2 Nf6 11. Rd1 Nb4 12. Ne5 Bd7 13. Bc4 Bc6 14. Bb3 Rc8 15. Bg5 Nfd5 16. Nxc6 Nxc6 17. Be3 Nxe3 18. fxe3 Bd6 19. Rf1 Na5 20. Bc2 Nc4 21. Rf3 g6 22. Bd3 Nb6 23. Raf1 f5 24. e4 f4 25. e5 Bb4 26. Rxf4 Rxf4 27. Rxf4 Bxc3 28. bxc3 Rxc3 29. h4 Nd5 30. Rg4 Kh8 31. Qd2 Qf8 32. Be4 Ne3 33. Qxc3 Qf1+ 34. Kh2 Nxg4+ 35. Kg3 h5 36. Qd2 Qh1 37. Bxg6 Qh2+ 38. Kf3 Qxh4 39. g3 Qh1+ 40. Kf4 Kg7 41. Kg5 Nh2 42. Bxh5 Nf3+ 43. Bxf3 Qxf3 44. Qf4 Qd5 45. Qf6+ Kg8 46. Qe7 Qc6 47. Kf6 Qf3+ 48. Kxe6 Qg4+ 49. Kf6 Qf3+ 50. Kg6 Qe4+ 51. Kh6 Qh1+ 52. Qh4 Qc6+ 53. Qf6 Qh1+ 54. Kg6 1-0

[Event "XIV American Continental-ch 2019"]
[Site "Sao Paulo"]
[Date "2019.07.07"]
[Round "4.7"]
[White "Leitao, Rafael"]
[Black "Garcia Cardenas, Pablo"]
[Result "1-0"]
[ECO "D37"]
[WhiteElo "2616"]
[BlackElo "2443"]
[Annotator "RC"]
[PlyCount "85"]
[EventDate "2019.07.05"]
[EventType "swiss"]
[EventCountry "BRA"]
[SourceTitle "playchess.com"]
[Source "ChessBase"]
[SourceQuality "1"]
[TimeControl "40/5400+30:1800+30"]

1. d4 d5 2. c4 e6 3. Nf3 Nf6 4. Nc3 Be7 5. Bf4 O-O 6. a3 c5 7. dxc5 Bxc5 8. e3 Nc6 9. Qc2 Qa5 10. Nd2 Bb4 11. cxd5 exd5 12. Bd3 h6 13. O-O Bxc3 14. Nb3 Qb6 15. Qxc3 d4 16. Qc2 dxe3 17. Bxe3 Qc7 18. h3 Be6 19. Nd4 Bd5 20. Nf5 Rfe8 21. Bd4 Re6 22. Rae1 Qd7 23. Bc3 Rae8 24. Rd1 Qc7 25. Ne3 Be4 26. Bxf6 Bxd3 27. Rxd3 gxf6 28. Nf5 Qe5 29. Rg3+ Kf8 30. Rg4 Qb5 31. Qb1 Rd8 32. Nxh6 Ne7 33. Qh7 Qxf1+ 34. Kh2 Ke8 35. Qh8+ Kd7 36. Rd4+ Kc6 37. Qxd8 Qxf2 38. Rc4+ Kb5 39. Qd3 Qe3 40. Rb4+ Kc6 41. Qb5+ Kc7 42. Qxb7+ Kd8 43. Qb8+ 1-0

[Event "XIV American Continental-ch 2019"]
[Site "Sao Paulo"]
[Date "2019.07.08"]
[Round "4.8"]
[White "Delgado Ramirez, Neuris"]
[Black "Sarkar, Justin"]
[Result "1/2-1/2"]
[ECO "C47"]
[WhiteElo "2605"]
[BlackElo "2389"]
[Annotator "RC"]
[PlyCount "120"]
[EventDate "2019.07.05"]
[EventType "swiss"]
[EventCountry "BRA"]
[SourceTitle "playchess.com"]
[Source "ChessBase"]
[SourceQuality "1"]
[TimeControl "40/5400+30:1800+30"]

1. e4 e5 2. Nf3 Nc6 3. Nc3 Nf6 4. Be2 d5 5. exd5 Nxd5 6. O-O Nxc3 7. bxc3 e4 8. Ne1 Be6 9. f3 exf3 10. Nxf3 Be7 11. d4 Bf6 12. Kh1 O-O 13. Bd3 Na5 14. Qe1 Re8 15. Qg3 Bc4 16. Bg5 Bxd3 17. cxd3 Bxg5 18. Nxg5 f6 19. Ne4 Rf8 20. Rf5 b6 21. Raf1 Kh8 22. Rh5 Qe8 23. Rh3 Rc8 24. Qh4 Qg6 25. d5 Nb7 26. Qf4 Rfd8 27. c4 Nd6 28. Rg3 Qf7 29. Re3 Nxe4 30. dxe4 Qg6 31. e5 fxe5 32. Rxe5 h6 33. Re6 Qd3 34. Re3 Qg6 35. Rg3 Qd6 36. Qg4 Qd7 37. Qd4 Rf8 38. Rd1 Rce8 39. h3 Rf5 40. Rg6 Kh7 41. Qg4 Ree5 42. Rc6 Qf7 43. Kh2 Rf6 44. Rxf6 Qxf6 45. Qg3 h5 46. Rd4 Rg5 47. Qd3+ Qg6 48. Qf3 Qd6+ 49. Kg1 Qg3 50. Qxg3 Rxg3 51. c5 bxc5 52. Ra4 Rd3 53. Rxa7 Rxd5 54. Rxc7 Rd1+ 55. Kh2 Rc1 56. a4 c4 57. a5 c3 58. a6 Ra1 59. a7 c2 60. Rxc2 Rxa7 1/2-1/2

[Event "XIV American Continental-ch 2019"]
[Site "Sao Paulo"]
[Date "2019.07.07"]
[Round "4.9"]
[White "Languidey, Simon Alejandro"]
[Black "Mecking, Henrique"]
[Result "1/2-1/2"]
[ECO "B26"]
[WhiteElo "2427"]
[BlackElo "2576"]
[Annotator "ChessBase"]
[PlyCount "48"]
[EventDate "2019.07.05"]
[EventType "swiss"]
[EventCountry "BRA"]
[SourceTitle "playchess.com"]
[Source "ChessBase"]
[SourceQuality "1"]
[TimeControl "40/5400+30:1800+30"]

1. e4 c5 2. Nc3 d6 3. g3 Nc6 4. Bg2 g6 5. d3 Bg7 6. Be3 e6 7. Qd2 Nd4 8. Nce2 Nxe2 9. Nxe2 Bxb2 10. Rd1 Bg7 11. d4 cxd4 12. Bxd4 Bxd4 13. Nxd4 a6 14. O-O Nf6 15. Nb3 e5 16. Qxd6 Qxd6 17. Rxd6 Ke7 18. Rfd1 Be6 19. Rb6 Rhc8 20. Rxb7+ Kf8 21. Rd2 a5 22. a4 Rc3 23. f3 Rac8 24. Nxa5 Rxc2 1/2-1/2

[Event "XIV American Continental-ch 2019"]
[Site "Sao Paulo"]
[Date "2019.07.08"]
[Round "4.10"]
[White "Mekhitarian, Krikor Sevag"]
[Black "Proudian, Armen"]
[Result "1-0"]
[ECO "E19"]
[WhiteElo "2545"]
[BlackElo "2429"]
[Annotator "RC"]
[PlyCount "145"]
[EventDate "2019.07.05"]
[EventType "swiss"]
[EventCountry "BRA"]
[SourceTitle "playchess.com"]
[Source "ChessBase"]
[SourceQuality "1"]
[TimeControl "40/5400+30:1800+30"]

1. Nf3 Nf6 2. c4 e6 3. g3 a6 4. Bg2 b5 5. b3 Bb7 6. Na3 b4 7. Nc2 c5 8. d4 cxd4 9. Ncxd4 d5 10. cxd5 Nxd5 11. Bb2 Be7 12. O-O O-O 13. Rc1 Qa5 14. Ne5 Bf6 15. Nc4 Qc5 16. Qd3 Ra7 17. Rfd1 Nc3 18. Bxc3 bxc3 19. Bxb7 Rxb7 20. Nc2 Rd7 21. Qe3 Qc7 22. Qb6 Rc8 23. Qxc7 Rcxc7 24. e3 Nc6 25. Kf1 Kf8 26. Ke2 Ke7 27. Rxd7+ Rxd7 28. Rd1 Rc7 29. f4 g5 30. e4 gxf4 31. gxf4 Bg7 32. Rd3 Rd7 33. e5 Bh6 34. Rxd7+ Kxd7 35. Kf3 Ne7 36. Ke4 Nf5 37. Nb6+ Ke7 38. Na4 f6 39. Nxc3 fxe5 40. fxe5 Kd7 41. Nd4 Nh4 42. Na4 Bf8 43. Nb6+ Ke7 44. Nc6+ Ke8 45. Nb8 a5 46. Nc6 Bc5 47. Nc4 a4 48. b4 Bg1 49. h3 Kd7 50. N6a5 Kc7 51. Nb2 Kb6 52. a3 Kb5 53. Nd1 Ka6 54. Nc3 Nf5 55. Nxa4 Nd4 56. Nc5+ Kb5 57. Nab7 Nc2 58. Nd6+ Kc6 59. Nxe6 Nxa3 60. Nd4+ Kd7 61. Kd5 Bxd4 62. Kxd4 Ke6 63. b5 Nc2+ 64. Ke4 Nb4 65. b6 Nc6 66. b7 Nb8 67. Nb5 h6 68. h4 h5 69. Nd4+ Kd7 70. Kd5 Kc7 71. e6 Na6 72. Nb5+ Kxb7 73. e7 1-0

[Event "XIV American Continental-ch 2019"]
[Site "Sao Paulo"]
[Date "2019.07.08"]
[Round "4.11"]
[White "Hernandez Sanchez, Jairo Andres"]
[Black "Lima, Darcy"]
[Result "1/2-1/2"]
[ECO "B06"]
[WhiteElo "2387"]
[BlackElo "2543"]
[Annotator "RC"]
[PlyCount "119"]
[EventDate "2019.07.05"]
[EventType "swiss"]
[EventCountry "BRA"]
[SourceTitle "playchess.com"]
[Source "ChessBase"]
[SourceQuality "1"]
[TimeControl "40/5400+30:1800+30"]

1. e4 g6 2. d4 Bg7 3. Nc3 d6 4. Be3 a6 5. Qd2 Nd7 6. h4 c5 7. h5 gxh5 8. O-O-O cxd4 9. Bxd4 Bxd4 10. Qxd4 Ngf6 11. Rxh5 Qb6 12. Qxb6 Nxb6 13. Rh4 Rg8 14. f3 h5 15. Rd4 a5 16. Nb5 Kf8 17. Ne2 Rg5 18. Nec3 Be6 19. f4 Rc5 20. Be2 Kg7 21. Rd3 Bg4 22. Bxg4 hxg4 23. Nd4 Rg8 24. g3 Kf8 25. Nb3 Rc7 26. Nxa5 Nbd7 27. Nb3 Nc5 28. Nxc5 Rxc5 29. Rd4 Rh5 30. Rxh5 Nxh5 31. Ne2 Rh8 32. Kd2 Nf6 33. e5 Ne8 34. Rb4 Rh5 35. Rxb7 dxe5 36. Rb8 e4 37. b4 e6 38. a4 Ke7 39. a5 Rd5+ 40. Kc3 Nc7 41. Kb2 e3 42. Nc3 Kd7 43. Rb7 Rh5 44. b5 Kc8 45. a6 e2 46. Nxe2 Rxb5+ 47. Rxb5 Nxb5 48. Nc3 Nc7 49. Ne4 f5 50. Nc5 e5 51. fxe5 f4 52. Ne4 fxg3 53. Nxg3 Nxa6 54. Kc3 Kd7 55. Kd4 Ke6 56. Ke4 Nb4 57. Nh5 Nxc2 58. Nf4+ Ke7 59. Nd5+ Ke6 60. Nf4+ {[%emt 0:00:03] Kxe5+} 1/2-1/2

[Event "XIV American Continental-ch 2019"]
[Site "Sao Paulo"]
[Date "2019.07.08"]
[Round "4.12"]
[White "Garcia Pantoja, Roberto"]
[Black "Della Morte, German"]
[Result "1-0"]
[ECO "C96"]
[WhiteElo "2529"]
[BlackElo "2359"]
[Annotator "ChessBase"]
[PlyCount "121"]
[EventDate "2019.07.05"]
[EventType "swiss"]
[EventCountry "BRA"]
[SourceTitle "playchess.com"]
[Source "ChessBase"]
[SourceQuality "1"]
[TimeControl "40/5400+30:1800+30"]

1. e4 e5 2. Nf3 Nc6 3. Bb5 a6 4. Ba4 Nf6 5. O-O Be7 6. Re1 b5 7. Bb3 d6 8. c3 O-O 9. h3 Na5 10. Bc2 c5 11. d4 Nd7 12. Nbd2 exd4 13. cxd4 Nc6 14. d5 Nce5 15. a4 Bb7 16. Nxe5 Nxe5 17. f4 Ng6 18. Nf3 Bh4 19. Nxh4 Qxh4 20. Ra3 Rae8 21. f5 Ne5 22. Rf1 b4 23. Rb3 a5 24. Rf4 Qf6 25. Rg3 Kh8 26. Qh5 Qh6 27. Qxh6 gxh6 28. Rh4 f6 29. Rxh6 c4 30. Be3 b3 31. Bb1 c3 32. bxc3 Rc8 33. Bd4 Ba6 34. Kf2 Rc7 35. Bxe5 dxe5 36. Rgg6 Rcf7 37. Ke3 Bc8 38. c4 Bd7 39. Kd3 Bxa4 40. Kc3 b2 41. c5 Rc8 42. Rxf6 Rxc5+ 43. Kxb2 Rb5+ 44. Kc1 Rfb7 45. Bd3 Rc5+ 46. Kd2 Rb2+ 47. Ke3 Rc3 48. Rf7 Rxg2 49. Rfxh7+ Kg8 50. Rh8+ Kf7 51. R6h7+ Rg7 52. Kd2 Ra3 53. Rxg7+ Kxg7 54. Ra8 Ra2+ 55. Kc3 Ra3+ 56. Kd2 Ra2+ 57. Kc3 Ra3+ 58. Kc4 Bb3+ 59. Kc5 Ba2 60. Bb5 Bb1 61. d6 1-0

[Event "XIV American Continental-ch 2019"]
[Site "Sao Paulo"]
[Date "2019.07.07"]
[Round "4.13"]
[White "Barbosa, Evandro Amorim"]
[Black "Santos, Marcus Vinicius More"]
[Result "0-1"]
[ECO "A26"]
[WhiteElo "2506"]
[BlackElo "2354"]
[Annotator "ChessBase"]
[PlyCount "94"]
[EventDate "2019.07.05"]
[EventType "swiss"]
[EventCountry "BRA"]
[SourceTitle "playchess.com"]
[Source "ChessBase"]
[SourceQuality "1"]
[TimeControl "40/5400+30:1800+30"]

1. g3 g6 2. Bg2 Bg7 3. c4 e5 4. Nc3 d6 5. d3 Nc6 6. e3 h5 7. Nf3 Nge7 8. h4 Bg4 9. Qb3 Qd7 10. Ng5 f6 11. Nge4 O-O 12. Bd2 Rab8 13. Nd5 Be6 14. a4 Nd8 15. a5 c6 16. Nxe7+ Qxe7 17. Qa3 Nf7 18. Nc3 f5 19. a6 e4 20. axb7 Ne5 21. dxe4 Nxc4 22. Qa6 Nxd2 23. Kxd2 Rxb7 24. Nd1 fxe4 25. Bxe4 d5 26. Bd3 Qb4+ 27. Ke2 Bg4+ 28. Kf1 Rbf7 29. Rh2 Bxd1 30. Rxd1 Qxb2 31. Be2 Qe5 32. f4 Qxe3 33. Kg2 Rb8 34. Qd3 Qe6 35. Bf3 Rb2+ 36. Kh1 Rfb7 37. Rxb2 Rxb2 38. Bg2 a5 39. Rc1 Kh7 40. Rc2 Qe1+ 41. Kh2 Qb1 42. Rd2 Qxd3 43. Rxd3 a4 44. Kh3 Rb3 45. Bf1 Rxd3 46. Bxd3 a3 47. Bb1 c5 0-1

[Event "XIV American Continental-ch 2019"]
[Site "Sao Paulo"]
[Date "2019.07.07"]
[Round "4.14"]
[White "Hungaski, Robert"]
[Black "Rodi, Luis Ernesto"]
[Result "1-0"]
[ECO "B13"]
[WhiteElo "2488"]
[BlackElo "2343"]
[Annotator "ChessBase"]
[PlyCount "73"]
[EventDate "2019.07.05"]
[EventType "swiss"]
[EventCountry "BRA"]
[SourceTitle "playchess.com"]
[Source "ChessBase"]
[SourceQuality "1"]
[TimeControl "40/5400+30:1800+30"]

1. e4 c6 2. d4 d5 3. exd5 cxd5 4. c4 Nf6 5. Nc3 Nc6 6. Bf4 Be6 7. c5 g6 8. Bb5 Bg7 9. Nge2 O-O 10. f3 Nh5 11. Be3 f5 12. Bxc6 bxc6 13. Nf4 Bf7 14. Nxh5 gxh5 15. O-O Qb8 16. Qd2 e5 17. dxe5 Qxe5 18. Rad1 Rfe8 19. Bd4 Qxd4+ 20. Qxd4 Bxd4+ 21. Rxd4 Rab8 22. b3 Re3 23. Rc1 Rbe8 24. Kf2 R8e7 25. Rc2 Kf8 26. Ne2 Bg6 27. Rcd2 Ke8 28. Ra4 R3e5 29. Nd4 Rc7 30. Rb4 Kd7 31. Rb8 Ke7 32. h4 Kf6 33. Rd8 Be8 34. Rd6+ Kf7 35. Rh6 Kg7 36. Re6 Re7 37. Rxe7+ 1-0

[Event "XIV American Continental-ch 2019"]
[Site "Sao Paulo"]
[Date "2019.07.07"]
[Round "4.15"]
[White "Vazquez, Guillermo"]
[Black "Aranha Filho, Alvaro Z."]
[Result "1-0"]
[ECO "B40"]
[WhiteElo "2483"]
[BlackElo "2320"]
[Annotator "ChessBase"]
[PlyCount "47"]
[EventDate "2019.07.05"]
[EventType "swiss"]
[EventCountry "BRA"]
[SourceTitle "playchess.com"]
[Source "ChessBase"]
[SourceQuality "1"]
[TimeControl "40/5400+30:1800+30"]

1. e4 c5 2. Nf3 e6 3. d4 cxd4 4. Nxd4 Nf6 5. Bd3 Nc6 6. Nxc6 dxc6 7. O-O e5 8. Nd2 Bc5 9. h3 Be6 10. a4 Nd7 11. Qe2 Qh4 12. Nf3 Qh5 13. a5 h6 14. Rd1 a6 15. Bc4 Bxc4 16. Qxc4 Be7 17. Rxd7 Kxd7 18. g4 Qxh3 19. Nxe5+ Kc8 20. Qxf7 Rd8 21. Qe6+ Kb8 22. Nxc6+ Kc7 23. Nxd8 Kxd8 24. Be3 1-0

[Event "XIV American Continental-ch 2019"]
[Site "Sao Paulo"]
[Date "2019.07.08"]
[Round "4.16"]
[White "Molina, Roberto Junio Brito"]
[Black "Guimaraes, Diogo Duarte"]
[Result "1-0"]
[ECO "D70"]
[WhiteElo "2464"]
[BlackElo "2307"]
[Annotator "ChessBase"]
[PlyCount "129"]
[EventDate "2019.07.05"]
[EventType "swiss"]
[EventCountry "BRA"]
[SourceTitle "playchess.com"]
[Source "ChessBase"]
[SourceQuality "1"]
[TimeControl "40/5400+30:1800+30"]

1. d4 Nf6 2. c4 c6 3. Nf3 d5 4. Nbd2 Bf5 5. Nh4 Bc8 6. e3 Ne4 7. Nhf3 Nd7 8. Qc2 Ndf6 9. Bd3 Bf5 10. Ne5 e6 11. cxd5 Qxd5 12. Nb3 Bb4+ 13. Kf1 Nd6 14. f3 Bxd3+ 15. Qxd3 Nc8 16. e4 Qd8 17. Qc4 Be7 18. Be3 O-O 19. Ke2 Nd7 20. Nd3 Nd6 21. Qc2 Bg5 22. Bf2 f5 23. exf5 exf5 24. Rhe1 Nf6 25. Kf1 Nd5 26. Nbc5 Re8 27. Ne5 Re7 28. Kg1 Qc7 29. g3 Rae8 30. Re2 g6 31. Rae1 Nf7 32. f4 Bf6 33. a3 Kg7 34. b4 Nd8 35. Qb3 Ne6 36. Ncd3 Qd8 37. a4 Qb6 38. Qc4 Nec7 39. Rb2 Qa6 40. b5 cxb5 41. axb5 Qd6 42. Qc5 Qxc5 43. dxc5 Nc3 44. b6 axb6 45. Rxb6 Ne6 46. Kg2 Ne4 47. Reb1 Rc8 48. R1b5 Nc3 49. Rb3 Ne4 50. R3b5 Nxf2 51. Kxf2 Rcc7 52. Rd6 Bxe5 53. fxe5 Ng5 54. Ke3 Ne4 55. Rd8 Nf6 56. h3 g5 57. Rb4 Nd7 58. Kd4 Nf8 59. Rd6 Ne6+ 60. Kd5 Kf7 61. Rb2 Rcd7 62. Rf2 Ng7 63. e6+ Nxe6 64. Ne5+ Ke8 65. Rxd7 1-0

[Event "XIV American Continental-ch 2019"]
[Site "Sao Paulo"]
[Date "2019.07.07"]
[Round "4.17"]
[White "Escalante Ramirez, Brian Sebasti"]
[Black "Cadilhac, Igor Tokuichi Kikuch"]
[Result "1-0"]
[ECO "C43"]
[WhiteElo "2447"]
[BlackElo "2291"]
[Annotator "NA"]
[PlyCount "49"]
[EventDate "2019.07.05"]
[EventType "swiss"]
[EventCountry "BRA"]
[SourceTitle "playchess.com"]
[Source "ChessBase"]
[SourceQuality "1"]
[TimeControl "40/5400+30:1800+30"]

1. e4 e5 2. Nf3 Nf6 3. d4 Nxe4 4. Bd3 d5 5. Nxe5 Nd7 6. Nxd7 Bxd7 7. O-O Bd6 8. Nc3 Nxc3 9. bxc3 Qh4 10. Re1+ Be6 11. g3 Qh3 12. c4 O-O 13. c5 Be7 14. Bf1 Qf5 15. Re5 Qg6 16. Bd3 f5 17. Qe2 Rf6 18. c4 dxc4 19. Bxc4 Bxc4 20. Qxc4+ Qf7 21. Qb5 b6 22. Bg5 Re6 23. Rxe6 Qxe6 24. Bxe7 Qxe7 25. cxb6 1-0

[Event "XIV American Continental-ch 2019"]
[Site "Sao Paulo"]
[Date "2019.07.07"]
[Round "4.18"]
[White "Abrantes, Tiago Garrido"]
[Black "Di Berardino, Diego Rafael"]
[Result "0-1"]
[ECO "A30"]
[WhiteElo "2177"]
[BlackElo "2506"]
[Annotator "ChessBase"]
[PlyCount "86"]
[EventDate "2019.07.05"]
[EventType "swiss"]
[EventCountry "BRA"]
[SourceTitle "playchess.com"]
[Source "ChessBase"]
[SourceQuality "1"]
[TimeControl "40/5400+30:1800+30"]

1. c4 c5 2. g3 Nf6 3. Bg2 d5 4. cxd5 Nxd5 5. Nf3 Nc6 6. O-O e5 7. d3 Be7 8. Nc3 Nc7 9. b3 Be6 10. Bb2 Qd7 11. Re1 O-O 12. Rc1 f6 13. Ne4 b6 14. Qc2 Rac8 15. Qb1 Nd5 16. e3 Bh3 17. Bh1 Bg4 18. a3 Kh8 19. Bg2 Rfd8 20. Ned2 Nc7 21. Bf1 Bf8 22. Be2 Ne6 23. Rcd1 Qe8 24. Kg2 Qh5 25. Ng1 Bxe2 26. Nxe2 Rd7 27. Nf3 Rcd8 28. Qc2 Rd6 29. Qc4 Qf7 30. Kg1 Na5 31. Qc2 Qb7 32. e4 Qd7 33. b4 cxb4 34. axb4 Nc6 35. b5 Nb4 36. Qc4 Nxd3 37. Ba3 Nxe1 38. Rxe1 Rd3 39. Bxf8 Rxf3 40. Bb4 Rd3 41. Rc1 Rd1+ 42. Rxd1 Qxd1+ 43. Kg2 Qd3 0-1